AoeStats
← HD_Daniel

Arabia

504576278Analyzed
1v1 RM · 26d ago on Sep 5, 2026· 52m 12s· 2 players
Game mode
Random Map
Map size
Tiny (2 player)
Population
200
Speed
Normal
Resources
Standard
Victory
Conquest
Starting age
Dark Age
Ending age
Imperial Age
RankedLock teamsTeams togetherTeam positionsShared explorationLock speedFull tech treeHidden civsTurbo modeCheats
Victory
Defeat
🇲🇽 Malay · Mexico
1272
+18
🇲🇽 Slavs · Mexico
1311
-18
HD_Daniel
7:00 Loom
9:14 Feudal Age
9:39 Double-Bit Axe
16:48 Forging
21:22 Castle Age
19:35 Horse Collar
24:39 Fletching
26:45 Bow Saw
30:59 Gold Mining
33:08 Iron Casting
35:15 Imperial Age
33:22 Pikeman
34:02 Squires
34:20 Halberdier
35:01 Squires
39:16 Blast Furnace
39:39 Conscription
42:18 Bodkin Arrow
42:54 Ballistics
42:45 Masonry
45:43 Light Cavalry
46:25 Husbandry
47:12 Scale Barding Armor
50:53 Bracer
El Mulo
6:46 Loom
9:21 Feudal Age
10:03 Double-Bit Axe
19:06 Castle Age
17:52 Horse Collar
18:09 Gold Mining
18:54 Bloodlines
22:31 Scale Barding Armor
23:17 Husbandry
24:00 Forging
25:20 Light Cavalry
28:33 Chain Barding Armor
29:12 Bow Saw
31:14 Iron Casting
32:35 Wheelbarrow
37:46 Imperial Age
38:01 Cavalier
39:18 Plate Barding Armor
38:36 Onager
40:02 Capped Ram
43:47 Elite Skirmisher
44:22 Fletching
46:37 Ballistics
46:14 Bodkin Arrow
48:17 Hussar
49:33 Padded Archer Armor
50:16 Conscription
Connection lost

Rejoining the realm…

Still unreachable

The connection could not be restored.

Session expired

The server has moved on; the page needs a fresh start.